 Dungeon Crawl Stone Soup version 0.29-a0-356-g7bc237e783 (webtiles) character file.

Game seed: 8872175544149097207

3124 oldmanjim the Cleaver (level 9, 0/75 HPs)
             Began as a Hill Orc Fighter on Apr 25, 2022.
             Was a Believer of Beogh.
             Slain by a boulder beetle (20 damage)
             ... on level 7 of the Dungeon.
             The game lasted 00:43:10 (10943 turns).

oldmanjim the Cleaver (Hill Orc Fighter)           Turns: 10943, Time: 00:43:11

Health: 0/75       AC:  8    Str: 23    XL:     9   Next: 91%
Magic:  16/16      EV:  9    Int:  8    God:    Beogh [**....]
Gold:   505        SH:  6    Dex: 10    Spells: 8/8 levels left

rFire   . . .      SeeInvis .   a - +0 war axe
rCold   . . .      Faith    .   c - +1 buckler
rNeg    . . .      Spirit   .   s - +0 scale mail
rPois   .          Reflect  .   (no helmet)
rElec   .          Harm     .   f - scarf {repulsion}
rCorr   .          Rampage  .   (no gloves)
Will    .....                   t - +0 pair of boots
Stlth   ..........              (no amulet)
HPRegen 0.22/turn               (no ring)
MPRegen 0.15/turn               (no ring)

@: repel missiles
A: no striking features
a: Renounce Religion, Smiting


You were on level 7 of the Dungeon.
You worshipped Beogh.
Beogh was pleased with you.
You visited 2 branches of the dungeon, and saw 8 of its levels.
You also visited: Sewer.

You collected 541 gold pieces.
You spent 36 gold pieces at shops.

Inventory:

Hand Weapons
 a - a +0 war axe (weapon)
 b - a +0 hunting sling
 E - a +0 morningstar of protection
Missiles
 g - 245 stones
 q - 30 poisoned darts (quivered)
 r - 6 silver javelins
 H - a boomerang
Armour
 c - a +1 buckler (worn)
 f - a scarf of repulsion (worn)
 s - a +0 scale mail (worn)
 t - a +0 pair of boots (worn)
Magical Staves
 j - a staff of death
 w - a staff of poison
 x - a staff of fire
Wands
 l - a wand of flame (38)
 y - a wand of polymorph (12)
 A - a wand of digging (2)
 J - a wand of acid (13)
Scrolls
 h - a scroll of fear
 k - 2 scrolls of teleportation
 o - 2 scrolls of vulnerability
 p - a scroll of magic mapping {unknown}
 u - a scroll of amnesia
Potions
 d - a potion of might
 e - 3 potions of berserk rage
 i - a potion of brilliance {unknown}
 m - a potion of attraction {unknown}
 n - 2 potions of cancellation {unknown}
 v - a potion of magic {unknown}
 z - 5 potions of curing
 B - 2 potions of flight
 C - 2 potions of haste {unknown}
 D - a potion of ambrosia {unknown}
 F - 3 potions of mutation {unknown}
 G - 3 potions of heal wounds
 I - 2 potions of lignification


   Skills:
 - Level 6.0 Fighting
 + Level 13.1 Axes
 - Level 3.2 Armour
 - Level 5.0 Shields
 + Level 9.7 Invocations


You had 8 spell levels left.
You didn't know any spells.
Your spell library contained the following spells:

 Spells                   Type           Power      Damage    Failure   Level
 Animate Skeleton         Necr           0%         N/A       80%         1
 Apportation              Tloc           0%         N/A       80%         1
 Summon Small Mammal      Summ           0%         N/A       80%         1
 Scorch                   Fire           0%         2d5       91%         2
 Static Discharge         Conj/Air       0%         N/A       91%         2
 Dispel Undead            Necr           0%         3d6       100%        4
 Sticky Flame             Conj/Fire      0%         2d3       100%        4
 Lee's Rapid Deconstruct  Erth           0%         3d5*      100%        5
 Summon Forest            Summ/Tloc      0%         N/A       100%        5
 Eringya's Noxious Bog    Tmut/Pois      0%         N/A       100%        6
 Iron Shot                Conj/Erth      0%         9d1       100%        6
 Starburst                Conj/Fire      0%         6d3       100%        6
 Summon Hydra             Summ           0%         N/A       100%        7


Dungeon Overview and Level Annotations

Branches:
Dungeon (7/15)             Temple (1/1) D:5           Sewer (visited)

Altars:
Dithmenos
Fedhas
Gozag
Hepliaklqana
Makhleb
Nemelex Xobeh
Okawaru
Qazlal
Sif Muna
Trog
Uskayaw
Vehumet
Wu Jian
Xom
Yredelemnul
Zin
The Shining One
Beogh

Shops:
D:2 *

Annotations:
D:6 exclusion: statue


Message History

The boulder beetle curls into a ball and begins rolling!
Throw: 31 darts (poison)
Press: ? - help, Q - select action, (/) - cycle Shift-Dir - straight line, f/p - boulder beetle
Aim: a boulder beetle (rolling, poisoned, 89% to hit)
You throw a poisoned dart.
The poisoned dart hits the boulder beetle.
The boulder beetle looks even sicker.
Throw: 30 darts (poison)
Press: ? - help, Q - select action, (/) - cycle Shift-Dir - straight line, f/p - boulder beetle
Aim: a boulder beetle (lightly wounded, rolling, very poisoned, 89% to hit)
You throw a poisoned dart.
The poisoned dart hits the boulder beetle.
The boulder beetle looks even sicker.
The boulder beetle is lightly wounded.
The boulder beetle barely misses you.
The boulder beetle stops rolling and uncurls.
You hit the boulder beetle.
The boulder beetle is lightly wounded.
A hound comes into view.
You hit the boulder beetle.
The boulder beetle is moderately wounded.
The boulder beetle bites you!!
You barely miss the boulder beetle.
The boulder beetle is moderately wounded.
The boulder beetle bites you!
You hit the boulder beetle but do no damage.
The boulder beetle is moderately wounded.
The boulder beetle bites you!!
* * * LOW HITPOINT WARNING * * *
As you read the scroll of fear, it crumbles to dust.
You assume a fearsome visage.
The hound looks frightened!
The boulder beetle looks frightened!
The boulder beetle leaps!
The boulder beetle leaps!
q - 30 poisoned darts (gained 1)
You see here a poisoned dart.
The boulder beetle seems to regain its courage.
You see here a poisoned dart.
The boulder beetle curls into a ball and begins rolling!
The boulder beetle hits you!!
You die...

#.# #.###.###.##### #.#
#.#.....#..)...
#.######.#.##..#.#####
#.#......#.#..........
#.#.##...#.#...#.#####
#.#.##...#...#.......#
#.#.##...#####.#.###.#
#######(#.##.............)..
........(.B@......###..###.#
#...#...#○###.###.# #.>.....
.....###.°....# #.# ##....##
.#.#. #...#### #.# #.####
.....+##......# #.# #.### #
# #...#..##.# #.# #...#
#.#....# # #.######.# #
##....# #........# ...#.#
##########


You could see a boulder beetle (rolling, poisoned).

Vanquished Creatures
  Maggie (D:6)
  Grinder (D:3)
  A wyvern (D:7)
  A steam dragon (D:7)
  Menkaure (D:7)
  2 sky beasts
  An ice beast (D:6)
  A black bear (D:7)
  An orc warrior (D:7)
  3 ogres
  A centaur (D:7)
  2 phantoms
  2 bullfrogs (D:7)
  A necrophage (D:6)
  A gnoll sergeant (D:7)
  2 scorpions (D:6)
  An electric eel (D:7)
  A jelly (D:4)
  4 hounds
  3 orc priests (D:7)
  A gnoll shaman (D:6)
  Jessica (D:3)
  7 iguanas
  5 orc wizards
  A hell rat (Sewer)
  11 gnolls
  4 adders
  4 river rats (Sewer)
  A white imp (D:7)
  3 worms
  2 dart slugs
  24 orcs
  4 endoplasms
  A giant cockroach (D:2)
  9 goblins
  10 hobgoblins
  9 jackals
  8 kobolds
  3 quokkas
  5 ball pythons
  9 bats
  7 frilled lizards
  16 rats
176 creatures vanquished.

Notes
Turn   | Place    | Note
-------+----------+-------------------------------------------
     0 | D:1      | oldmanjim the Hill Orc Fighter began the quest for the Orb.
     0 | D:1      | Reached XP level 1. HP: 19/19 MP: 1/1
   156 | D:1      | Reached skill level 3 in Axes
   197 | D:1      | Reached XP level 2. HP: 27/27 MP: 2/2
   310 | D:1      | Found a faded altar of an unknown god.
   497 | D:1      | Reached XP level 3. HP: 24/33 MP: 3/3
   708 | D:1      | You fall into a shaft and drop 1 floor!
   708 | D:2      | Found Archy's Assorted Antiques.
   726 | D:2      | Bought a scroll labelled XOYTIH ARAY for 19 gold pieces
   726 | D:2      | Bought an emerald potion for 17 gold pieces
  1556 | D:2      | Reached skill level 4 in Axes
  1863 | D:2      | Found an opulent altar of Gozag.
  1889 | D:2      | Reached XP level 4. HP: 36/40 MP: 4/4
  3149 | D:3      | Noticed Grinder
  3162 | D:3      | Killed Grinder
  3163 | D:3      | Reached skill level 7 in Axes
  3163 | D:3      | Reached skill level 5 in Shields
  3163 | D:3      | Reached XP level 5. HP: 10/46 MP: 5/5
  3163 | D:3      | Reached XP level 6. HP: 12/52 MP: 6/6
  3414 | D:3      | Noticed a sky beast
  3423 | D:3      | Killed a sky beast
  3486 | D:3      | Noticed Jessica
  3508 | D:3      | Killed Jessica
  3509 | D:3      | Reached skill level 8 in Axes
  3778 | D:3      | Found an opulent altar of Gozag.
  3915 | D:3      | Upgraded the game from 0.29-a0-352-g0917bc69df to
                  | 0.29-a0-356-g7bc237e783
  3943 | D:4      | Reached XP level 7. HP: 38/59 MP: 7/7
  4064 | D:4      | Found a roughly hewn altar of Beogh.
  4065 | D:4      | Became a worshipper of Beogh the Brigand
  4174 | D:4      | Reached skill level 9 in Axes
  4326 | D:4      | Found a bloodstained altar of Trog.
  4408 | D:4      | Found a hide-covered altar of Uskayaw.
  4839 | D:4      | Reached * piety under Beogh
  4840 | D:4      | Reached skill level 10 in Axes
  4985 | D:5      | Entered Level 5 of the Dungeon
  5017 | D:5      | Reached skill level 1 in Invocations
  5052 | D:5      | Reached XP level 8. HP: 36/67 MP: 7/9
  5201 | D:5      | Found a glowing drain.
  5240 | Sewer    | Entered a sewer
  6007 | D:5      | Found a staircase to the Ecumenical Temple.
  6320 | D:5      | Noticed a wyvern
  6467 | Temple   | Entered the Ecumenical Temple
  6998 | D:6      | Reached skill level 5 in Fighting
  7346 | D:6      | Reached skill level 11 in Axes
  7583 | D:6      | Reached skill level 5 in Invocations
  7590 | D:6      | Reached ** piety under Beogh
  7751 | D:6      | Got the Incunabulum of the Torrid Rocks
  7834 | D:6      | Noticed Maggie
  7844 | D:6      | Killed Maggie
  7845 | D:6      | Reached XP level 9. HP: 36/74 MP: 6/13
  8221 | D:6      | Reached skill level 12 in Axes
  8280 | D:6      | Found a radiant altar of Vehumet.
  8581 | D:7      | Noticed Menkaure
  8591 | D:7      | Killed Menkaure
  9175 | D:7      | Found a basalt altar of Yredelemnul.
 10464 | D:7      | Reached skill level 13 in Axes
 10923 | D:7      | Noticed a boulder beetle
 10943 | D:7      | Slain by a boulder beetle

Illustrated notes

Levels and vault maps discovered:
D:1:      dreamdust_arrival_sigmund_warning, layout_basic,
          dreamdust_ecumenical_altar_angels_and_demons
D:2:      minmay_thinvault, layout_basic, basic_altar, serial_shops,
          nicolae_shop_advertising_works [nicolae_subvault_shop_adworks]
D:3:      layout_rooms, mainiacjoe_overflow_cross_hatched,
          serial_co_window_serial, co_window_paths_b,
          co_window_of_opportunity_a, co_window_paths_b, co_window_corner_a,
          co_window_paths_a, co_window_of_opportunity_b, co_window_paths_c,
          co_window_paths_c, co_window_broadway_b, co_window_corner_b,
          co_window_cross_3, co_window_paths_e, co_window_4corner_a,
          glass_columns_c, glass_columns_a, glass_columns_a, glass_columns_b,
          chequers_garden, uniq_grinder, uniq_jessica
D:4:      corexii_shack_village, layout_basic, kennysheep_little_box,
          eat_drink_and_be_merry_uskayaw, grunt_decor_cap, kennysheep_orc_chapel
D:5:      layout_loops_cross, minmay_temple_entry_butterflies,
          portal_sewer_entry_e, lightli_corner_chamber
D:6:      nicolae_cairo_tiling_large_dashed, layout_gridville, vehumet_statue,
          uniq_maggie
D:7:      layout_basic, yredelemnul_altar_generic, cheibriados_altar_2,
          minivault_4, minmay_fractal_squares_diagonal_5, uniq_menkaure
Temple:   minmay_temple_forest_path

Skill      XL: |  1  2  3  4  5  6  7  8  9 |
---------------+----------------------------+-----
Axes           | 3 4 7 8 10 11 13 | 13.1
Fighting       | 4 5 6 |  6.0
Shields        | 4 5 |  5.0
Invocations    | 2 6 9 |  9.7
Armour         | |  3.2

Action                   |  1- 3 |  4- 6 |  7- 9 || total
-------------------------+-------+-------+-------++-------
Melee: War axe           |   128 |    76 |   336 ||   540
 Fire: Hunting sling     |       |     4 |   139 ||   143
Throw: Stone             |       |     3 |       ||     3
       Dart              |       |       |     3 ||     3
Invok: Convert to Beogh  |       |       |     1 ||     1
       Smiting           |       |       |     2 ||     2
Evoke: Wand              |       |       |     1 ||     1
  Use: Potion            |       |     1 |     2 ||     3
       Scroll            |       |       |    14 ||    14
Armor: Scale mail        |    67 |    23 |   127 ||   217
Dodge: Dodged            |    73 |    29 |   124 ||   226
       Repelled          |       |       |     2 ||     2
Block: Buckler           |    34 |    14 |    79 ||   127

Table legend: (Time is in decaauts)
 A = Elapsed time spent in this place.
 B = Non-inter-level travel time spent in this place.
 C = Inter-level travel time spent in this place.
 D = Time resting spent in this place.
 E = Time spent auto-exploring this place.
 F = Levels seen in this place.
 G = Mean time per level.
                   A        B        C        D        E       F      G
               +--------+--------+--------+--------+--------+-----+--------+
         Total |  11081 |  10765 |    316 |   2679 |   6246 |   9 | 1231.2 |
       Dungeon |  10207 |   9944 |    263 |   2420 |   5780 |   7 | 1458.1 |
        Temple |    478 |    425 |     53 |      0 |    412 |   1 |  478.0 |
         Sewer |    394 |    394 |      0 |    259 |     53 |   1 |  394.0 |
               +--------+--------+--------+--------+--------+-----+--------+

Top non-repeatable levels by time:
     D:7: 2434 daAuts
     D:3: 1498 daAuts
     D:6: 1378 daAuts
     D:1: 1364 daAuts
     D:5: 1312 daAuts
     D:2: 1173 daAuts
     D:4: 1046 daAuts
  Temple: 478 daAuts
   Sewer: 394 daAuts
